 Dungeon Crawl Stone Soup version 0.23.2-1-ga50397a (webtiles) character file.

Game seed: 3886157185282949969

8470 esteth the Destroyer (level 11, -7/54 HPs)
             Began as a Deep Elf Fire Elementalist on Apr 23, 2019.
             Was an Elder of Vehumet.
             Mangled by a yak (17 damage)
             ... on level 1 of the Lair of Beasts.
             The game lasted 00:34:19 (13382 turns).

esteth the Destroyer (Deep Elf Fire Elementalist)  Turns: 13382, Time: 00:34:20

Health: -7/54      AC:  5    Str:  5    XL:     11   Next: 10%
Magic:  6/26       EV: 13    Int: 24    God:    Vehumet [****..]
Gold:   782        SH:  5    Dex: 15    Spells: 12/29 levels left

rFire    . . .     SeeInvis .   A - +0 whip (elec)
rCold    . . .     Gourm    .   z - +0 buckler
rNeg     . . .     Faith    .   a - +0 robe
rPois    .         Spirit   .   i - +2 helmet
rElec    .         Reflect  .   k - scarf {repulsion}
rCorr    .         Harm     .   (no gloves)
MR       +....                  (no boots)
Stlth    ++........             (no amulet)
HPRegen  0.18/turn              (no ring)
MPRegen  0.20/turn              (no ring)

@: repel missiles
A: no striking features
a: Renounce Religion


You were on level 1 of the Lair of Beasts.
You worshipped Vehumet.
Vehumet was greatly pleased with you.
You were not hungry.

You visited 2 branches of the dungeon, and saw 11 of its levels.

You collected 782 gold pieces.

Inventory:

Hand Weapons
 e - a +1 whip
 y - a +0 spear of venom
 A - a +0 whip of electrocution (weapon)
 D - a +0 lajatang
Armour
 a - a +0 robe (worn)
 i - a +2 helmet (worn)
 k - a scarf of repulsion (worn)
 v - a scarf of cloud immunity
 z - a +0 buckler (worn)
Magical Staves
 B - an uncursed staff of air
Wands
 w - a wand of iceblast (10)
 G - a wand of paralysis (10)
 H - a wand of clouds (5)
Scrolls
 b - 5 scrolls of teleportation {unknown}
 d - 8 scrolls of identify
 f - 9 scrolls of remove curse
 h - a scroll of enchant weapon
 l - 3 scrolls of fear {unknown}
 m - 3 scrolls of enchant armour {unknown}
 o - a scroll of amnesia {unknown}
 p - 3 scrolls of fog {unknown}
 q - a scroll of magic mapping {unknown}
 t - 3 scrolls of noise {unknown}
 C - a scroll of random uselessness {unknown}
 L - a scroll of blinking {unknown}
Potions
 g - a potion of magic {unknown}
 j - 2 potions of curing
 n - 2 potions of flight {unknown}
 r - 4 potions of degeneration {unknown}
 s - a potion of agility {unknown}
 u - 2 potions of heal wounds {unknown}
 x - a potion of brilliance {unknown}
 E - a potion of might {unknown}
 F - a potion of berserk rage {unknown}
 I - 2 potions of cancellation {unknown}
 J - 2 potions of haste {unknown}
 K - 2 potions of mutation {unknown}
Comestibles
 c - 21 rations


   Skills:
 - Level 2.7 Dodging
 - Level 2.8 Stealth
 - Level 4.2 Shields
 - Level 9.5 Spellcasting
 + Level 12.9 Conjurations
 - Level 9.0 Fire Magic
 - Level 2.5 Air Magic
 - Level 2.5 Poison Magic


You had 12 spell levels left.
You knew the following spells:

 Your Spells              Type           Power        Failure   Level  Hunger
a - Flame Tongue          Conj/Fire      #####        1%          1    None
b - Conjure Flame         Conj/Fire      ######..     1%          3    None
c - Sticky Flame          Conj/Fire      ######..     1%          4    ##.....
d - Fireball              Conj/Fire      ######....   1%          5    ####...
e - Sting                 Conj/Pois      ####         1%          1    None
f - Mephitic Cloud        Conj/Pois/Air  #####...     1%          3    None

Your spell library contained the following spells:

 Spells                   Type           Power        Failure   Level  Hunger
 Dazzling Spray           Conj/Hex       #####.       1%          3    None
 Magic Dart               Conj           ####         1%          1    None
 Throw Flame              Conj/Fire      ######       1%          2    None
 Inner Flame              Hex/Fire       ####....     1%          3    None
 Animate Skeleton         Necr           N/A          5%          1    None
 Apportation              Tloc           ##....       5%          1    None
 Confusing Touch          Hex            ##....       5%          1    None
 Summon Small Mammal      Summ           ##..         5%          1    None
 Blink                    Tloc           N/A          9%          2    None
 Call Imp                 Summ           ##......     9%          2    None
 Slow                     Hex            ##......     9%          2    None
 Yara's Violent Unravell  Hex/Tmut       ##........   36%         5    ####...
 Cause Fear               Hex            ##........   50%         4    ##.....
 Silence                  Hex/Air        ###.......   67%         5    ####...
 Deflect Missiles         Chrm/Air       ###.......   99%         6    ######.
 Discord                  Hex            ##........   100%        8    #######


Dungeon Overview and Level Annotations

Branches:
Dungeon (10/15)            Temple (0/1) D:5            Lair (1/6) D:10
    Orc: D:9-12

Altars:
Fedhas
Gozag
Kikubaaqudgha
Makhleb
Nemelex Xobeh
Qazlal
Trog
Uskayaw
Vehumet
Xom

Shops:
D:10 [*?


Message History

Aiming: Flame Tongue (safe; 1% risk of failure)
Press: ? - help, Shift-Dir - straight line, f - yak
Aim: a yak The flame tongue hits the yak.
The yak is lightly wounded.
The yak gores you!
* * * LOW HITPOINT WARNING * * *
You feel better. The yak gores you but does no damage.
Casting: Flame Tongue (safe; 1% risk of failure)
Confirm with . or Enter, or press ? or * to list all spells.
Aiming: Sticky Flame (safe; 1% risk of failure)
Press: ? - help, Shift-Dir - straight line, f/p - yak
Aim: a yak The sticky flame hits the yak!
The yak is moderately wounded.
The yak is covered in liquid flames!
The yak burns!
You block the yak's attack.
The yak burns!
The yak burns!
The yak burns!
The yak gores you!
You die...

##......# ###P..[...#
.♣#.#.......#
............#
............##
.......<.....##########.
........................
..............?.........
............@Y..†.......
........................
........................
#############.###P##.#.#
### ## # #


You could see a yak (burning).

Vanquished Creatures
  2 two-headed ogres (D:9)
  Pikel (D:8)
  4 hippogriffs
  4 yaks
  Eustachio (D:4)
  A basilisk (D:10)
  A steam dragon (D:10)
  2 hungry ghosts
  Menkaure (D:4)
  A slave (D:8)
  2 orc warriors
  A sky beast (D:8)
  An ice beast (D:9)
  An eye of draining (D:10)
  A phantom (D:4)
  4 ogres
  A black bear (D:10)
  4 centaurs
  A crocodile (D:10)
  3 big kobolds
  Blork the orc (D:5)
  6 bullfrogs
  3 gnoll sergeants
  A wyvern skeleton (D:10)
  13 killer bees
  4 howler monkeys
  A crimson imp (D:9)
  7 orc priests
  A centaur zombie (D:10)
  2 gnoll shamans
  5 hounds
  6 jellies
  2 centaur skeletons
  Natasha (thrice) (D:2)
  12 orc wizards
  5 worker ants
  A worker ant zombie (D:10)
  Robin (D:2)
  22 gnolls
  9 adders
  6 oozes
  An adder zombie (D:5)
  2 adder skeletons
  3 worms
  3 dart slugs
  6 leopard geckos
  27 orcs
  5 ball pythons
  8 bats
  4 giant cockroaches
  12 goblins
  14 hobgoblins
  7 jackals
  4 quokkas
  4 frilled lizards
  21 kobolds
  A quokka skeleton (D:6)
  3 rats
  A rat zombie (D:6)
274 creatures vanquished.

Vanquished Creatures (others)
  2 slaves (D:8)
  A centaur (D:8)
  A bullfrog (D:8)
  A howler monkey (D:8)
  An orc priest (D:8)
  An orc wizard (D:7)
  3 orcs (D:8)
10 creatures vanquished.

Grand Total: 284 creatures vanquished

Notes
Turn   | Place    | Note
-------+----------+-------------------------------------------
     0 | D:1      | esteth the Deep Elf Fire Elementalist began the quest for
                  | the Orb.
     0 | D:1      | Reached XP level 1. HP: 10/10 MP: 6/6
   309 | D:1      | Reached XP level 2. HP: 15/15 MP: 6/8
  1105 | D:1      | Reached XP level 3. HP: 19/19 MP: 7/10
  1110 | D:1      | Learned a level 3 spell: Conjure Flame
  1222 | D:2      | Noticed Natasha
  1406 | D:2      | Killed Natasha
  1406 | D:2      | Reached skill level 2 in Conjurations
  1447 | D:2      | Noticed Natasha
  1659 | D:2      | Killed Natasha
  1659 | D:2      | Reached XP level 4. HP: 24/24 MP: 6/12
  1679 | D:2      | Noticed Natasha
  1744 | D:2      | Killed Natasha
  2158 | D:2      | Noticed Robin
  2169 | D:1      | Reached XP level 5. HP: 17/28 MP: 7/13
  2364 | D:2      | Learned a level 4 spell: Sticky Flame
  2383 | D:2      | Reached skill level 3 in Conjurations
  2488 | D:2      | Killed Robin
  3078 | D:3      | Reached skill level 5 in Spellcasting
  3173 | D:3      | Found a stormy altar of Qazlal.
  3472 | D:4      | Reached XP level 6. HP: 32/32 MP: 11/15
  3589 | D:4      | Reached skill level 4 in Conjurations
  3589 | D:4      | Reached skill level 5 in Fire Magic
  3694 | D:4      | Noticed Menkaure
  3701 | D:4      | Killed Menkaure
  3895 | D:4      | Found a radiant altar of Vehumet.
  3898 | D:4      | Noticed Eustachio
  3906 | D:4      | Killed Eustachio
  3906 | D:4      | Reached XP level 7. HP: 34/36 MP: 9/18
  4013 | D:4      | Became a worshipper of Vehumet
  4076 | D:4      | Reached skill level 5 in Conjurations
  4240 | D:4      | Found a sparkling altar of Nemelex Xobeh.
  4240 | D:4      | Found an opulent altar of Gozag.
  4259 | D:4      | Found a shimmering altar of Xom.
  4315 | D:5      | Entered Level 5 of the Dungeon
  4364 | D:5      | Found a staircase to the Ecumenical Temple.
  5027 | D:5      | Reached XP level 8. HP: 17/41 MP: 14/21
  5380 | D:5      | Noticed Blork the orc
  5394 | D:5      | Killed Blork the orc
  5394 | D:5      | Reached skill level 6 in Conjurations
  5491 | D:5      | Learned a level 5 spell: Fireball
  5525 | D:5      | Reached * piety under Vehumet
  5525 | D:5      | Offered knowledge of Magic Dart by Vehumet.
  6763 | D:6      | Noticed a +0 hand axe
  6764 | D:6      | Noticed a +0 hand axe
  6767 | D:6      | Found a hide-covered altar of Uskayaw.
  7075 | D:6      | Found an ancient bone altar of Kikubaaqudgha.
  7323 | D:7      | Reached skill level 7 in Conjurations
  7605 | D:7      | Found a bloodstained altar of Trog.
  7620 | D:7      | Found a burning altar of Makhleb.
  7653 | D:7      | Found a bloodstained altar of Trog.
  7949 | D:7      | Reached ** piety under Vehumet
  8003 | D:7      | Reached XP level 9. HP: 35/45 MP: 16/24
  8005 | D:7      | Offered knowledge of Sting by Vehumet.
  8172 | D:7      | Learned a level 1 spell: Sting
  8653 | D:7      | Reached skill level 1 in Shields
  8986 | D:8      | Noticed Pikel
  9003 | D:8      | Killed Pikel
  9003 | D:8      | Reached skill level 8 in Conjurations
  9140 | D:8      | Learned a level 3 spell: Mephitic Cloud
  9201 | D:8      | Reached skill level 1 in Poison Magic
  9203 | D:8      | Reached skill level 1 in Air Magic
  9361 | D:8      | Found a blossoming altar of Fedhas.
  9752 | D:8      | Offered knowledge of Static Discharge by Vehumet.
 10287 | D:9      | Reached *** piety under Vehumet
 10289 | D:9      | Reached XP level 10. HP: 42/50 MP: 13/25
 10296 | D:9      | Reached skill level 9 in Conjurations
 10711 | D:9      | Noticed a two-headed ogre
 10742 | D:9      | Killed a two-headed ogre
 11001 | D:9      | Reached skill level 10 in Conjurations
 11058 | D:9      | Offered knowledge of Stone Arrow by Vehumet.
 11463 | D:9      | Noticed a two-headed ogre
 11487 | D:9      | Killed a two-headed ogre
 11487 | D:9      | Reached skill level 11 in Conjurations
 11617 | D:10     | Entered Level 10 of the Dungeon
 12288 | D:10     | Reached skill level 12 in Conjurations
 12314 | D:10     | Reached **** piety under Vehumet
 12465 | D:10     | Found a staircase to the Lair.
 12601 | D:10     | Reached XP level 11. HP: 22/54 MP: 11/26
 12604 | D:10     | Offered knowledge of Dazzling Spray by Vehumet.
 12848 | D:10     | Found Vihayd's Magic Scroll Shop.
 12877 | D:10     | Found Vintatuf's Antique Armour Emporium.
 12989 | D:10     | Found Anacap's Assorted Antiques.
 13286 | Lair:1   | Entered Level 1 of the Lair of Beasts
 13377 | Lair:1   | HP: 1/54 [yak (14)]
 13382 | Lair:1   | Mangled by a yak

Skill      XL: |  1  2  3  4  5  6  7  8  9 10 |
---------------+-------------------------------+-----
Spellcasting   | 4 5 6 7 9 |  9.5
Conjurations   | 2 3 4 5 7 8 12 | 12.9
Fire Magic     | 4 5 6 8 9 |  9.0
Shields        | 3 4 |  4.2
Poison Magic   | 2 |  2.5
Air Magic      | 2 |  2.5
Dodging        | |  2.7
Stealth        | |  2.8

Action                   |  1- 3 |  4- 6 |  7- 9 | 10-12 || total
-------------------------+-------+-------+-------+-------++-------
Melee: Whip              |       |     2 |   102 |     6 ||   110
       Spear             |       |       |     1 |       ||     1
 Cast: Flame Tongue      |    55 |   109 |   330 |   209 ||   703
       Sticky Flame      |       |     5 |    27 |    17 ||    49
       Mephitic Cloud    |       |       |     3 |    11 ||    14
       Conjure Flame     |       |       |     2 |       ||     2
       Fireball          |       |       |     1 |       ||     1
       Sting             |       |       |       |    20 ||    20
  Use: Scroll            |     2 |     1 |     2 |       ||     5
       Potion            |       |       |     2 |     3 ||     5
 Stab: Sleeping          |       |       |     1 |       ||     1
  Eat: Chunk             |     2 |     5 |    22 |    11 ||    40
       Ration            |       |     1 |       |       ||     1
Armor: Robe              |     2 |     7 |    68 |    26 ||   103
Dodge: Dodged            |    20 |    26 |   167 |   110 ||   323
       Deflected         |       |     3 |     9 |     4 ||    16
Block: Buckler           |       |       |    15 |    27 ||    42
